 Dungeon Crawl Stone Soup version 0.30-a0-622-gddc90eaa04 (webtiles) character file.

Game seed: 15286831503345366683

2784 Dirtsage the Transmogrifier (level 9, 0/68 HPs)
             Began as an Octopode Transmuter on Jan 10, 2023.
             Was a Believer of the Shining One.
             Slain by a hornet (6 damage)
             ... while paralysed by a hornet
             ... on level 7 of the Dungeon.
             The game lasted 00:20:13 (6158 turns).

Dirtsage the Transmogrifier (Octopode Transmuter)   Turns: 6158, Time: 00:20:14

Health: 0/68       AC:  8    Str: 10    XL:     9   Next: 70%
Magic:  9/12       EV:  1    Int: 19    God:    the Shining One [**....]
Gold:   422        SH:  0    Dex: 12    Spells: 3/12 levels left

rFire   x . .      SeeInvis .      - Unarmed
rCold   + + +      Faith    .    (shield currently unavailable)
rNeg    + . .      Spirit   .    (helmet currently unavailable)
rPois   +          Reflect  .    z - amulet of regeneration
rElec   .          Harm     .    l - ring of flight
rCorr   .          Rampage  .    (no ring)
Will    .....                    (no ring)
Stlth   +                        (no ring)
HPRegen 1.11/turn                (no ring)
MPRegen 0.13/turn                (no ring)
                                 (no ring)
                                 (no ring)

@: paralysed, lethally poisoned (0 -> -7), ice-form, flying, slowed, glowing
A: freezing attack, boosted hp, almost no armour, amphibious, 8 rings, large,
(camouflage 1), (gelatinous body 1), (nimble swimmer 1), (tentacles)
a: End Transformation, Renounce Religion, Divine Shield


You were on level 7 of the Dungeon.
You worshipped the Shining One.
The Shining One was pleased with you.
You were a creature of crystalline ice.
You visited 2 branches of the dungeon, and saw 8 of its levels.

You collected 422 gold pieces.

Inventory:

Jewellery
 l - a ring of flight (left front paw)
 y - an amulet of faith
 z - an amulet of regeneration (around neck)
Wands
 r - a wand of quicksilver (9)
 x - a wand of iceblast (3)
Scrolls
 b - 7 scrolls of identify {unknown}
 c - a scroll of enchant weapon
 e - a scroll of immolation
 f - a scroll of silence {unknown}
 g - a scroll of magic mapping {unknown}
 j - a scroll of noise {unknown}
 o - a scroll of enchant armour
 p - a scroll of fog {unknown}
 s - 3 scrolls of vulnerability
 t - 6 scrolls of teleportation
 w - a scroll of blinking {unknown}
Potions
 a - 2 potions of lignification
 d - 3 potions of invisibility {unknown}
 h - a potion of berserk rage {unknown}
 i - 3 potions of resistance {unknown}
 k - 3 potions of heal wounds {unknown}
 m - 2 potions of might {unknown}
 n - a potion of brilliance {unknown}
 q - 3 potions of curing
 u - a potion of magic {unknown}
 v - 3 potions of degeneration {unknown}
 A - 2 potions of haste {unknown}
 B - a potion of flight {unknown}
 C - 2 potions of cancellation {unknown}


   Skills:
 + Level 3.6 Fighting
 + Level 2.3 Dodging
 * Level 4.9 Unarmed Combat
 - Level 2.0 Spellcasting
 - Level 8.0 Transmutations
 * Level 7.9 Ice Magic
 + Level 3.5 Invocations
 + Level 1.6 Evocations


You had 3 spell levels left.
You knew the following spells:

 Your Spells              Type           Power      Damage    Failure   Level
a - Ice Form              Ice/Tmut       32%        N/A       6%          4
b - Wereblood             Tmut           32%        N/A       1%          2
c - Beastly Appendage     Tmut           64%        N/A       1%          1
w - Passwall              Tmut/Erth      14%        N/A       4%          2

Your spell library contained the following spells:

 Spells                   Type           Power      Damage    Failure   Level
 Spider Form              Tmut/Pois      17%        N/A       10%         3
 Apportation              Tloc           2%         N/A       17%         1
 Magic Dart               Conj           4%         1d3       17%         1
 Necrotise                Necr           4%         1d4       17%         1
 Sandblast                Erth           2%         2d4       17%         1
 Summon Small Mammal      Summ           4%         N/A       17%         1
 Searing Ray              Conj           2%         2d4       26%         2
 Call Canine Familiar     Summ           1%         N/A       45%         3
 Gell's Gravitas          Tloc           1%         N/A       45%         3
 Stone Arrow              Conj/Erth      2%         3d7       45%         3
 Summon Guardian Golem    Hex/Summ       1%         N/A       45%         3
 Teleport Other           Tloc           1%         N/A       45%         3
 Fulminant Prism          Conj/Hex       0%         3d5       86%         4
 Dispersal                Tloc           0%         N/A       100%        6


Dungeon Overview and Level Annotations

Branches:
Dungeon (7/15)             Temple (1/1) D:5

Altars:
Cheibriados
Dithmenos
Elyvilon
Fedhas
Hepliaklqana
Kikubaaqudgha
Okawaru
Qazlal
Ru
Sif Muna
Trog
Uskayaw
Vehumet
Wu Jian
Xom
Zin
The Shining One

Shops:
D:4 :

Annotations:
D:4 1 runed translucent door, Crazy Yiuf


Innate Abilities, Weirdness & Mutations

You are a creature of crystalline ice.
You have a powerful freezing melee attack.
Your maximum health is increased.
Your armour is entirely melded.
You are incapable of wielding weapons or throwing items.
You cannot wear most types of armour.
You are amphibious.
You can wear up to eight rings at the same time.
((Your skin changes colour to match your surroundings (Stealth+).))
((Your rubbery body absorbs attacks. (AC +1, EV +1)))
((You are camouflaged when in or above water. (Stealth+)))
((You have tentacles for arms and can constrict up to eight enemies at once.))


Message History

The bolt of dispelling energy misses the hornet.
Aiming: Quicksilver Bolt
Press: ? - help, Shift-Dir - straight line, f/p - hornet
Aim: a hornet (haloed, 71% to hit)
The bolt of dispelling energy hits the hornet!
The hornet is heavily wounded.
You hit the hornet but do no damage.
The hornet is heavily wounded.
The hornet stings you.
You feel yourself slow down.
The hornet stings you but does no damage.
You take 1 damage, and have 39/68 hp.
You barely miss the hornet.
The hornet is heavily wounded.
You feel yourself speed up. The hornet stings you.
You are poisoned.
The hornet stings you.
You are more poisoned.
You take 5 damage, and have 34/68 hp.
You hit the hornet but do no damage.
The hornet is heavily wounded.
You feel very sick. The hornet barely misses you.
You take 5 damage, and have 29/68 hp.
You hit the hornet but do no damage.
The hornet is heavily wounded.
You feel very sick. The hornet stings you!
* * * LOW HITPOINT WARNING * * *
You are more poisoned.
You suddenly lose the ability to move!
* * * LOW HITPOINT WARNING * * *
You feel very sick. The hornet stings you.
* * * LOW HITPOINT WARNING * * *
You feel yourself slow down. The hornet completely misses you.
* * * LOW HITPOINT WARNING * * *
You feel very sick. The hornet stings you.
You die...

#.....#...............
###†....#.##############
#.†.#####.# #
#.####....# ##
#†..##...## #.
#....#...###### #.
#..#............ ..
#.##............ .. #..
#.#..Y....... .. #.#
#.#..y....... .. ..
#.#.......... .. ..#
..#.......... .. ...
..#.......... ##
.......###..## ##.#.#
#..# #.#.. #..


You could see a hornet.

Vanquished Creatures
  Sigmund (D:4)
  A water moccasin (D:6)
  A black bear (D:5)
  4 ice beasts (D:6)
  A sky beast (D:6)
  2 ogres
  2 phantoms
  2 necrophages (D:6)
  A bullfrog (D:6)
  3 scorpions
  3 wights (D:4)
  6 killer bees (D:7)
  2 howler monkeys
  5 hounds
  An orc priest (D:6)
  5 jellies
  6 iguanas
  Jessica (D:3)
  Ijyb (D:4)
  9 adders
  3 gnolls (D:4)
  2 shadow imps
  5 white imps
  An ufetubus (D:7)
  A worm (D:3)
  3 dart slugs
  8 orcs
  5 ball pythons
  5 endoplasms
  2 giant cockroaches
  8 goblins
  6 hobgoblins
  11 jackals
  2 quokkas
  7 bats
  3 frilled lizards
  7 kobolds
  6 rats
142 creatures vanquished.

Vanquished Creatures (others)
  A bullfrog (D:6)
  A scorpion (D:6)
  An iguana (D:6)
  An ufetubus (D:6)
  An orc (D:6)
  8 plants
13 creatures vanquished.

Grand Total: 155 creatures vanquished

Notes
Turn   | Place    | Note
-------+----------+-------------------------------------------
     0 | D:1      | Dirtsage the Octopode Transmuter began the quest for the
                  | Orb.
     0 | D:1      | Reached XP level 1. HP: 13/13 MP: 3/3
   231 | D:1      | Reached skill level 1 in Ice Magic
   231 | D:1      | Reached XP level 2. HP: 16/18 MP: 5/5
   610 | D:2      | Learned a level 2 spell: Wereblood
   634 | D:2      | Reached XP level 3. HP: 15/23 MP: 4/6
   793 | D:2      | Saving game... please wait.
   836 | D:2      | Reached skill level 3 in Transmutations
  1415 | D:2      | Reached XP level 4. HP: 28/28 MP: 5/7
  1714 | D:3      | Found a glowing golden altar of the Shining One.
  1714 | D:3      | Found an iron altar of Okawaru.
  1719 | D:3      | Found a hide-covered altar of Uskayaw.
  1722 | D:3      | Became a worshipper of the Shining One
  1726 | D:3      | Found a faded altar of an unknown god.
  1728 | D:3      | Found a radiant altar of Vehumet.
  1756 | D:3      | Noticed Jessica
  1761 | D:3      | Killed Jessica
  2058 | D:3      | Reached XP level 5. HP: 26/33 MP: 6/8
  2489 | D:4      | Reached skill level 4 in Transmutations
  2588 | D:3      | Learned a level 4 spell: Ice Form
  2654 | D:4      | Reached XP level 6. HP: 32/38 MP: 4/9
  2753 | D:4      | Found a hazy altar of Hepliaklqana.
  2868 | D:4      | Found Yxor's Book Boutique.
  2927 | D:4      | Noticed Sigmund
  2964 | D:4      | Killed Sigmund
  2965 | D:4      | Reached skill level 5 in Transmutations
  2965 | D:4      | Reached XP level 7. HP: 39/43 MP: 10/10
  2989 | D:4      | Reached skill level 5 in Ice Magic
  3094 | D:4      | Found a shimmering blue altar of Sif Muna.
  3143 | D:4      | Found an ancient bone altar of Kikubaaqudgha.
  3146 | D:4      | Noticed Ijyb
  3159 | D:4      | Killed Ijyb
  3369 | D:4      | Found a runed translucent door.
  3370 | D:4      | Noticed Crazy Yiuf
  3578 | D:5      | Entered Level 5 of the Dungeon
  3651 | D:5      | Reached skill level 6 in Transmutations
  3800 | D:5      | Found a staircase to the Ecumenical Temple.
  3808 | Temple   | Entered the Ecumenical Temple
  4055 | D:5      | Reached XP level 8. HP: 45/48 MP: 6/11
  4173 | D:5      | Reached * piety under the Shining One
  4299 | D:5      | Reached skill level 1 in Invocations
  4690 | D:6      | Reached skill level 7 in Transmutations
  5147 | D:6      | Found a shimmering altar of Xom.
  5163 | D:6      | Reached XP level 9. HP: 55/55 MP: 12/12
  5419 | D:6      | Learned a level 2 spell: Passwall
  5759 | D:6      | Reached skill level 8 in Transmutations
  5816 | D:6      | Reached skill level 1 in Evocations
  6129 | D:7      | Reached ** piety under the Shining One
  6148 | D:7      | Noticed a hornet
  6156 | D:7      | Paralysed by a hornet for 3 turns
  6158 | D:7      | Slain by a hornet

Illustrated notes

Levels and vault maps discovered:
D:1:      nicolae_arrival_memento_mori, layout_loops_ring,
          kennysheep_nondescript, feat_on_display
D:2:      layout_loops_ring, minmay_shallow_snake_nest
D:3:      minmay_inner_zag, layout_basic, chequers_temple_overflow_minitemple,
          patterned_corridor, uniq_jessica
D:4:      layout_rooms, lemuel_crystal_altar, kennysheep_little_box,
          mainiacjoe_overflow_chevrons, serial_shops, shop,
          minmay_misc_feat_four_crosses, kennysheep_big_empty_room,
          uniq_sigmund, uniq_ijyb, uniq_crazy_yiuf_cottage
D:5:      minmay_angry_zag, layout_gridville, minmay_temple_entry_junction,
          dreamdust_wishing_well, grunt_ministairs_3
D:6:      layout_gridville, xom_confusion_cloud
D:7:      layout_rooms, marbit_many_paths, minmay_unpleasant_kobolds
Temple:   nicolae_temple_ecumenical_triangle

Skill      XL: |  1  2  3  4  5  6  7  8  9 |
---------------+----------------------------+-----
Ice Magic      | 1 2 3 4 6 7 |  7.9
Transmutations | 3 4 5 6 7 8 |  8.0
Invocations    | 2 3 |  3.5
Fighting       | 2 3 |  3.6
Unarmed Combat | 4 |  4.9
Evocations     | 1 |  1.6
Dodging        | |  2.3
Spellcasting   | |  2.0

Action                   |  1- 3 |  4- 6 |  7- 9 || total
-------------------------+-------+-------+-------++-------
Melee: Unarmed           |    74 |   116 |   195 ||   385
       Constrict         |    19 |    23 |     4 ||    46
       Tentacles         |    13 |    12 |     8 ||    33
       Kick              |    10 |    27 |     1 ||    38
       Punch             |     2 |     2 |       ||     4
 Cast: Beastly Appendage |    13 |    11 |     1 ||    25
       Ice Form          |       |     2 |    30 ||    32
       Wereblood         |       |       |     2 ||     2
Evoke: Wand              |       |     8 |     5 ||    13
  Use: Potion            |       |     1 |       ||     1
       Scroll            |       |       |     5 ||     5
 Stab: Sleeping          |     6 |     1 |       ||     7
Armor: Skin              |     6 |    13 |    48 ||    67
Dodge: Dodged            |    32 |    71 |    82 ||   185

Table legend: (Time is in decaauts)
 A = Elapsed time spent in this place.
 B = Non-inter-level travel time spent in this place.
 C = Inter-level travel time spent in this place.
 D = Time resting spent in this place.
 E = Time spent auto-exploring this place.
 F = Levels seen in this place.
 G = Mean time per level.
                   A        B        C        D        E       F      G
               +--------+--------+--------+--------+--------+-----+--------+
         Total |   6134 |   5958 |    176 |    232 |   4561 |   8 |  766.8 |
       Dungeon |   6094 |   5918 |    176 |    232 |   4534 |   7 |  870.6 |
        Temple |     39 |     39 |      0 |      0 |     27 |   1 |   39.0 |
               +--------+--------+--------+--------+--------+-----+--------+

Top non-repeatable levels by time:
     D:6: 1254 daAuts
     D:3: 1093 daAuts
     D:4: 1013 daAuts
     D:5: 985 daAuts
     D:2: 895 daAuts
     D:1: 565 daAuts
     D:7: 286 daAuts
  Temple: 39 daAuts
